 Dungeon Crawl Stone Soup version 0.16.0-2-gb487679 (console) character file.

12292792 kryft the Infernalist (level 27, 178/248 (273) HPs)
             Began as a Red Draconian Fire Elementalist on Mar 14, 2015.
             Was the Champion of Vehumet.
             Escaped with the Orb
             ... and 15 runes on Mar 19, 2015!
             The game lasted 12:14:10 (131966 turns).

kryft the Infernalist (DrFE)                      Turns: 131966, Time: 12:14:10

HP:   178/248 (273) AC: 20    Str:  8      XL:     27
MP:   35/49         EV: 34    Int: 29      God:    Vehumet [******]
Gold: 10599         SH:  7    Dex: 18 (21) Spells: 15 memorised, 11 levels left

rFire  + + +     SeeInvis .     a - +9 eudemon blade (holy)
rCold  + + .     Rnd*Rage +     (armour unavailable)
rNeg   + . .     SustAb   .     X - +2 buckler {rPois}
rPois  +         Gourm    .     J - +2 hat
rElec  +         Spirit   .     s - +0 cloak "Topoxaed" {rC+ MR- Regen+ rCorr}
rCorr  +         Warding  .     H - +0 pair of gloves of Hadjma {Contam rF+ rN+ Dex+4 Stlth-} (curse)
rMut   +         Stasis   .     p - +2 pair of boots {Fly}
MR     +++..                    F - amulet "Friski" {rMut rElec MR+} (curse)
Stlth  +.........               Q - ring of Absolutism {MR+ EV+3 Int+2}
                                E - ring "Qolam" {rElec rF+ rC+ Str-4 Int+4 Dex+3}

@: flying, contaminated, regenerating, hasted, glowing, deflect missiles, very
quick, extremely resistant to hostile enchantments, very unstealthy
A: breathe fire, unfitting armour, hooves 1, camouflage 1, berserk 1, blurry
vision 1, deformed body, dopey 1, fire resistance 2, poison resistance,
cold-blooded, AC +13
a: Breathe Fire, Renounce Religion, Stop Flying
0: Orb of Zot
}: 15/15 runes: barnacled, slimy, silver, golden, iron, obsidian, icy, bone,
abyssal, demonic, glowing, magical, fiery, dark, gossamer


You escaped.
You worshipped Vehumet.
Vehumet was exalted by your worship.
You were not hungry.

You visited 18 branches of the dungeon, and saw 97 of its levels.
You visited Pandemonium 1 time, and saw 38 of its levels.
You visited the Abyss 4 times.
You also visited: Ice Cave and Volcano.

You collected 16085 gold pieces.
You spent 5486 gold pieces at shops.

Inventory:

Hand weapons
 a - a +9 eudemon blade of holy wrath (weapon)
Armour
 p - a +2 pair of boots of flying (worn)
 s - the +0 cloak "Topoxaed" (worn) {rC+ MR- Regen+ rCorr}
   (You bought it in a shop on level 4 of the Orcish Mines)

   It protects you from cold.
   It affects your resistance to hostile enchantments.
   It increases your rate of regeneration.
   It protects you from acid and corrosion.
 H - the cursed +0 pair of gloves of Hadjma (worn) {Contam rF+ rN+ Dex+4 Stlth-}
   (You found it in Pandemonium)

   It affects your dexterity (+4).
   It protects you from fire.
   It protects you from negative energy.
   It causes magical contamination when unequipped.
   It makes you less stealthy.
   It has a curse placed upon it.
 J - a +2 hat (worn)
 V - the cursed +1 pair of boots of the Centipede {rPois rN++ Str+3 Int-5 Stlth-}
   (You found it on level 7 of the Iron City of Dis)

   It affects your strength (+3).
   It affects your intelligence (-5).
   It protects you from poison.
   It greatly protects you from negative energy.
   It makes you less stealthy.
   It has a curse placed upon it.
 X - a +2 buckler of poison resistance (worn)
Magical staves
 b - an uncursed staff of conjuration {!a}
Jewellery
 f - the cursed amulet "Plip" {Regen+ Str+4}
   (You found it on level 3 of the Tomb of the Ancients)

   [amulet of regeneration]

   It affects your strength (+4).
   It increases your rate of regeneration.
   It has a curse placed upon it.
 l - a cursed ring of see invisible
 u - the amulet of the Four Winds {Clar rN+ MR+++}
   (You found it on level 3 of the Tomb of the Ancients)

   [amulet of clarity]

   It provides mental clarity.
   It protects you from negative energy.
   It affects your resistance to hostile enchantments.
 y - the cursed amulet "Sep Tapn" {Ward +Inv rN+ Int+4 Dex+4}
   (You found it on level 3 of the Crypt)

   [amulet of warding]

   It may prevent the melee attacks of summoned creatures.
   It affects your intelligence (+4).
   It affects your dexterity (+4).
   It protects you from negative energy.
   It lets you turn invisible.
   It has a curse placed upon it.
 A - the cursed ring of Ohihyfra {SustAb rPois rC+ MP-9 Str+4 Slay+2}
   (You found it in Pandemonium)

   [ring of sustain abilities]

   It sustains your strength, intelligence and dexterity.
   It affects your strength (+4).
   It affects your accuracy and damage with ranged weapons and melee attacks
   (+2).
   It protects you from cold.
   It protects you from poison.
   It affects your magic capacity (-9).
   It has a curse placed upon it.
 B - the cursed ring "Ziekeh" {rPois rN+ Dex+4}
   (You found it on level 3 of the Crypt)

   [ring of positive energy]

   It affects your dexterity (+4).
   It protects you from poison.
   It protects you from negative energy.
   It has a curse placed upon it.
 C - the amulet of the Many Moons {rCorr Contam rF+ Int+4 Dex+3}
   (You found it on level 1 of the Vaults)

   [amulet of resist corrosion]

   It protects you from acid and corrosion.
   It affects your intelligence (+4).
   It affects your dexterity (+3).
   It protects you from fire.
   It causes magical contamination when unequipped.
 E - the ring "Qolam" (left hand) {rElec rF+ rC+ Str-4 Int+4 Dex+3}
   (You found it on level 7 of the Iron City of Dis)

   [ring of protection from cold]

   It affects your strength (-4).
   It affects your intelligence (+4).
   It affects your dexterity (+3).
   It protects you from fire.
   It protects you from cold.
   It insulates you from electricity.
 F - the cursed amulet "Friski" (around neck) {rMut rElec MR+}
   (You took it off a seraph in Pandemonium)

   [amulet of resist mutation]

   It protects you from mutation.
   It insulates you from electricity.
   It affects your resistance to hostile enchantments.
   It has a curse placed upon it.
 M - the cursed ring "Zeshrass" {+Fly rC+ Int+4 Dex+4}
   (You took it off a deep elf sorcerer on level 3 of the Elven Halls)

   [ring of protection from cold]

   It affects your intelligence (+4).
   It affects your dexterity (+4).
   It protects you from cold.
   It lets you fly.
   It has a curse placed upon it.
 Q - the ring of Absolutism (right hand) {MR+ EV+3 Int+2}
   (You took it off a deep elf conjurer on level 3 of the Elven Halls)

   [ring of evasion]

   It affects your evasion (+3).
   It affects your intelligence (+2).
   It affects your resistance to hostile enchantments.
 R - the cursed amulet "Otzeipp" {Spirit rPois rF+ rC+ Str-2}
   (You took it off an angel in Pandemonium)

   [amulet of guardian spirit]

   It causes incoming damage to be split between your health and magic.
   It affects your strength (-2).
   It protects you from fire.
   It protects you from cold.
   It protects you from poison.
   It has a curse placed upon it.
Magical devices
 m - a wand of heal wounds (6)
 n - a wand of hasting (1)
 w - a wand of digging (7)
 x - a wand of teleportation (2)
Scrolls
 e - 11 scrolls of amnesia
 g - 22 scrolls of remove curse
 i - 13 scrolls of identify
 k - 13 scrolls of fog
 v - 2 scrolls of magic mapping
 L - 7 scrolls of blinking
 N - a scroll of brand weapon
 P - 10 scrolls of teleportation
 T - 7 scrolls of recharging
 W - 4 scrolls of holy word
 Z - a scroll of silence
Potions
 h - 15 potions of restore abilities
 j - a potion of magic
 r - 3 potions of cure mutation
 t - 8 potions of agility
 z - a potion of might
 D - 3 potions of resistance
 G - 2 potions of heal wounds
 Y - 3 potions of curing
Books
 q - the Papyrus of Boosting Sinister Magic
   (You found it on level 2 of the Depths)

   Spells                             Type                      Level
   a - Corpse Rot                     Necromancy                   2
   b - Sublimation of Blood           Necromancy                   2
   c - Regeneration                   Charms/Necromancy            3
   d - Excruciating Wounds            Charms/Necromancy            5
   e - Dispel Undead                  Necromancy                   5
Miscellaneous
 K - 2 phantom mirrors
 U - a crystal ball of energy
Comestibles
 c - 11 bread rations
 d - 25 meat rations
 O - 15 royal jellies


   Skills:
 O Level 27 Fighting
 - Level 12.8 Long Blades
 - Level 14.0 Staves
 - Level 22.0 Dodging
 - Level 16.2 Stealth
 - Level 4.4 Shields
 + Level 25.9 Spellcasting
 - Level 25.1 Conjurations
 - Level 14.0 Charms
 - Level 10.4 Necromancy
 O Level 27 Fire Magic
 - Level 9.8 Ice Magic
 - Level 8.2 Air Magic
 - Level 12.0 Earth Magic
   Level 8.1 Poison Magic
 - Level 12.1 Evocations


You had 11 spell levels left.
You knew the following spells:

 Your Spells              Type           Power        Failure   Level  Hunger
a - Iron Shot             Conj/Erth      #######...   1%          6    None
b - Swiftness             Chrm/Air       #######.     0%          2    None
c - Flight                Chrm/Air       #######...   1%          3    None
d - Fireball              Conj/Fire      ########..   0%          5    None
e - Bolt of Fire          Conj/Fire      ########..   0%          6    None
f - Haste                 Chrm           #######.     1%          6    None
g - Regeneration          Chrm/Necr      #######...   0%          3    None
h - Fire Storm            Conj/Fire      ########..   1%          9    #####..
i - Delayed Fireball      Conj/Fire      N/A          1%          7    None
j - Ring of Flames        Chrm/Fire      ########..   1%          7    None
k - Ozocubu's Armour      Chrm/Ice       #######.     1%          3    None
l - Blink                 Tloc           N/A          1%          2    None
m - Apportation           Tloc           #####.....   1%          1    None
n - Dispel Undead         Necr           #######.     1%          5    None
r - Deflect Missiles      Chrm/Air       #######...   1%          6    None


Dungeon Overview and Level Annotations

Branches:
Dungeon (15/15)            Temple (1/1) D:7            Lair (8/8) D:10
 Shoals (5/5) Lair:4       Spider (5/5) Lair:5        Slime (6/6) Lair:6
    Orc (4/4) D:10            Elf (3/3) Orc:4        Vaults (5/5) D:13
  Crypt (3/3) Vaults:2       Tomb (3/3) Crypt:3      Depths (5/5) D:15
   Hell (1/1)                 Dis (7/7) Hell            Geh (7/7) Hell
    Coc (7/7) Hell            Tar (7/7) Hell            Zot (5/5) Depths:5

Altars:
Ashenzari
Cheibriados
Dithmenos
Elyvilon
Fedhas
Gozag
Kikubaaqudgha
Makhleb
Nemelex Xobeh
Okawaru
Qazlal
Ru
Sif Muna
Trog
Vehumet
Xom
Yredelemnul
Zin
The Shining One
Beogh
Jiyva

Shops:
D:7 (*[?   D:9 =   D:14 }   Orc:1 %   Orc:2 (   Orc:4 ([*=   Elf:1 %   Elf:2 (
Elf:3 [   Shoals:4 =}([   Shoals:5 [   Vaults:4 *   Vaults:5 !!?   Depths:2 %:(
Depths:4 !

Portals:
Hell: Depths:1 Depths:2 Depths:3 Depths:4 Depths:5
Abyss: Depths:4 Depths:5
Pandemonium: Depths:3
Ziggurat: Depths:3

Annotations:
D:9 exclusions: downstairs and 1 more exclusion
D:12 exclusion: 2 downstairs
Elf:2 3 runed doors
Vaults:3 exclusion: downstairs
Depths:3 1 exclusion
Tar:7 Ereshkigal
Zot:5 exclusion: obsidian statue


Innate Abilities, Weirdness & Mutations

You can breathe blasts of fire.
Your fiery red scales are hard (AC +13).
Your body does not fit into most forms of armour.
Your flesh is very heat resistant.
Your cold-blooded metabolism reacts poorly to cold.
You have large cloven feet.
Your skin changes colour to match your surroundings (Stealth).
You tend to lose your temper in combat.
Scrolls take you a little longer to read.
Your body is misshapen.
You are dopey. (Int -2)
Your system is resistant to poisons.


Message History

Aim: an Ice Fiend (heavily wounded)
The bolt of fire hits the Ice Fiend.
The Ice Fiend is burned terribly!
You kill the Ice Fiend!
Vehumet accepts your kill.
Casting: Bolt of Fire
Confirm with . or Enter, or press ? or * to list all spells.
Your skin crawls.
There is a stone staircase leading up here.
You fly upwards.
You sense a powerful magical force warping space.
There is a stone staircase leading down here.
Casting: Regeneration
Confirm with . or Enter, or press ? or * to list all spells.
Aiming: Haste
Press: ? - help, Shift-Dir - straight line, f - you You feel yourself speed up.
You see here a dagger.
You are contaminated with residual magic.
There is a staircase leading out of the dungeon here.
You have escaped!

.........###.........###.##.#..#
....#######.....#.....##.##.#..##
...##..........###.....#.##.....[
#.###.###.....#####......####.###
.............#.....#.....## #.###
#.###.#.....###(..###.....###....
...##......#####.#####.....######
###.#.....#...........#.....## #
##.....###....@....###.....#
#....#####.......#####....#### #
##...#.....#.....#.....#..(....
###...###...###...###...###..###.
.....#####.#####.#####.#####.# #.
........................)....# #.
.......[.####....#..#####.#### #.
###...##..##..#....#.####.# #.
..#...###รท##.###..###.....# #.


There were no monsters in sight!

Vanquished Creatures
  Antaeus (Coc:7)
  Asmodeus (Geh:7)
  Cerebov (Pan)
  the Serpent of Hell (Dis:7)
  the royal jelly (Slime:6)
  Gloorx Vloq (Pan)
  A seraph (Pan)
  Mnoleg (Pan)
  Dispater (Dis:7)
  Lom Lobon (Pan)
  Khufu (Crypt:1)
  7 orbs of fire (Zot:5)
  7 ancient liches
  25 greater mummies
  6 pandemonium lords (Pan)
  9 shard shrikes
  Norris (Shoals:2)
  Saint Roka (Crypt:1)
  The ghost of soul the Archmage, a great DEFE of Vehumet (Crypt:3)
  A curse toe (Zot:1)
  5 Killer Klowns
  Mennas (Depths:4)
  Geryon (Hell)
  6 golden dragons
  A pearl dragon (Pan)
  5 bone dragons
  2 profane servitors (Crypt:3)
  5 electric golems
  22 liches
  22 Brimstone Fiends
  Nikola (Elf:1)
  22 Ice Fiends
  10 tentacled monstrosities
  9 Hell Sentinels
  5 quicksilver dragons
  24 Orb Guardians
  3 deep elf blademasters (Elf:3)
  13 acid blobs
  3 deep elf master archers (Elf:3)
  Murray (Hell)
  23 Shadow Fiends
  Polyphemus (Shoals:2)
  5 titans
  2 krakens
  25 Executioners
  9 tentacled starspawn
  8 sphinxes
  5 shadow dragons
  Rupert (D:13)
  Kirke (D:14)
  13 ancient champions
  8 revenants
  8 tengu reavers
  13 storm dragons
  4 draconian monks (Zot:1)
  16 daevas
  Ilsuiw (Shoals:4)
  14 fire giants
  11 azure jellies
  Donald (Vaults:4)
  7 ghost moths
  Wiglaf (Vaults:4)
  6 chaos champions (Pan)
  12 deep elf sorcerers
  18 frost giants
  3 iron dragons (Dis:7)
  4 black suns (Pan)
  13 vault wardens
  15 emperor scorpions
  Louise (Shoals:4)
  2 draconian scorchers
  2 draconian zealots (Zot:5)
  An orc warlord (Orc:4)
  7 curse skulls
  A draconian knight (Zot:1)
  16 cacodemons
  2 warmongers (Pan)
  13 ironheart preservers
  32 balrugs
  3 spriggan defenders (Depths:3)
  16 war gargoyles
  19 angels (Pan)
  17 ghouls
  3 draconian annihilators
  Jorgrun (Vaults:2)
  28 very ugly things
  68 reapers
  A draconian shifter (Zot:1)
  11 ophanim (Pan)
  18 stone giants
  33 starcursed masses
  4 elemental wellsprings (Coc:7)
  14 apis (Pan)
  4 vampire knights
  13 deep elf demonologists
  A grey draconian (Depths:5)
  3 green draconians
  A draconian caller (Zot:1)
  20 deep elf annihilators
  A dire elephant (Depths:5)
  9 lorocyprocas
  8 bennus
  6 mottled draconians
  4 black draconians
  Azrael (Spider:4)
  14 salamander firebrands
  10 red draconians
  3 yellow draconians
  4 blood saints (Pan)
  4 pale draconians
  7 purple draconians
  9 eidola
  19 blizzard demons
  2 deep elf death magi
  5 unborn
  6 merfolk javelineers
  16 ettins
  Snorg (Lair:4)
  16 green deaths (Pan)
  8 death oozes
  2 spectral krakens (Tar:7)
  17 fire dragons
  A crystal guardian (Abyss:4)
  4 minotaurs
  12 merfolk impalers
  4 quicksilver dragon zombies
  24 mummy priests
  6 deep elf high priests
  Josephine (D:10)
  4 great orbs of eyes
  30 vault guards
  8 rakshasas
  3 death cobs
  18 jiangshi
  18 yaktaur captains
  5 quicksilver dragon skeletons
  A kraken zombie (Hell)
  Harold (D:10)
  6 hydras
  4 spriggan air magi (Depths:5)
  6 monstrous demonspawn
  16 ice dragons
  A spectral shadow dragon (Hell)
  Erica (D:14)
  3 catoblepae
  2 merfolk avatars (Shoals:5)
  13 ogre magi
  An alligator snapping turtle (Shoals:5)
  7 hell beasts
  8 dancing weapons
  15 centaur warriors
  3 death knights
  A satyr (Shoals:5)
  6 merfolk aquamancers
  6 deep troll earth magi
  7 titan zombies
  37 death yaks
  9 vampire magi
  6 deep troll shamans
  2 spectral dire elephants (Crypt:2)
  Urug (Orc:3)
  7 tengu warriors
  15 hell hogs
  28 soul eaters
  46 sun demons
  54 hell knights
  5 orc high priests
  2 thrashing horrors (Abyss:4)
  Nergalle (D:10)
  2 salamander mystics
  17 shadow wraiths
  3 iron golems
  Erolcha (D:9)
  10 spriggan berserkers
  4 titan skeletons
  7 wretched stars
  4 iron trolls
  6 storm dragon zombies
  A fire crab (Vaults:1)
  14 flayed ghosts
  118 skeletal warriors
  12 deep elf knights
  5 storm dragon skeletons
  29 ice devils
  3 spatial maelstroms
  3 golden dragon zombies
  91 death scarabs
  6 unseen horrors
  A ball lightning (Depths:5)
  9 cherubim (Pan)
  A death drake (shapeshifter) (Vaults:5)
  13 sea snakes
  26 shadow demons
  14 anaconda zombies
  A death drake (Tar:7)
  12 hill giants
  An ice statue (IceCv)
  A harpy (shapeshifter) (Depths:5)
  An anubis guard (shapeshifter) (Depths:3)
  10 infernal demonspawn (Pan)
  7 torturous demonspawn (Pan)
  4 wizards
  8 gelid demonspawn (Pan)
  23 deep trolls
  5 shadow dragon zombies
  11 giant orange brains
  10 putrid demonspawn (Pan)
  17 deep elf conjurers
  16 ironbrand convokers
  10 anaconda skeletons
  23 necromancers
  14 deep elf summoners
  9 anubis guards (Tomb:1)
  22 orc knights
  3 iron dragon zombies
  33 harpies
  2 lindwurms
  A golden dragon skeleton (Pan)
  30 wolf spiders
  9 fauns
  10 frost giant zombies
  19 orb spiders
  11 water nymphs
  A faun (shapeshifter) (Depths:5)
  4 wolf spider zombies
  7 shining eyes
  19 griffons
  3 stone giant zombies
  7 orc sorcerers
  14 hornets
  12 human zombies
  72 ugly things
  8 moths of wrath
  2 fire giant skeletons
  7 fire giant zombies
  2 moths of wrath (shapeshifter)
  7 worldbinders
  17 manticores
  3 shock serpent zombies
  4 frost giant skeletons
  28 phantasmal warriors
  14 cyclopes
  5 iron dragon skeletons
  24 sixfirhies
  2 human skeletons
  35 smoke demons
  21 salamanders
  3 dire elephant zombies
  11 elephants
  Joseph (D:7)
  18 molten gargoyles
  6 stone giant skeletons
  2 guardian serpents (shapeshifter)
  41 rust devils
  5 torpor snails
  13 black mambas
  10 sirens
  A titan simulacrum (Tar:4)
  An orange crystal statue (Depths:3)
  An octopode (shapeshifter) (D:15)
  12 vault sentinels
  5 eyes of devastation
  An eye of devastation (shapeshifter) (Depths:5)
  2 gargoyles
  4 emperor scorpion zombies
  33 orange demons
  8 spectral swamp worms (Tar:7)
  A catoblepas zombie (Tar:3)
  A yaktaur zombie (Vaults:1)
  13 spiny frogs
  A storm dragon simulacrum (Tomb:3)
  4 dire elephant skeletons
  29 hellions
  3 kobold demonologists
  8 efreet
  A shock serpent skeleton (Dis:1)
  2 yaktaurs (shapeshifter)
  A redback zombie (D:11)
  29 tormentors
  34 jumping spiders
  51 guardian mummies
  8 komodo dragons
  An anaconda simulacrum (Crypt:1)
  55 yaktaurs
  47 red devils
  12 deep elf priests
  6 ancient zymes
  2 tengu conjurers
  34 freezing wraiths
  28 blue devils
  13 hydra zombies
  2 silent spectres
  12 trolls
  3 fire drakes
  A death yak skeleton (Crypt:2)
  23 demonic crawlers
  24 hellwings
  17 two-headed ogres
  4 harpy zombies
  38 large abominations
  A queen bee (Spider:4)
  A polar bear (shapeshifter) (Depths:5)
  21 polar bears
  3 wind drakes
  Sonja (Orc:3)
  48 merfolk
  A jumping spider (shapeshifter) (Vaults:4)
  12 blink frogs
  A shadow dragon simulacrum (Hell)
  A raiju (shapeshifter) (Vaults:2)
  Prince Ribbit (D:8)
  2 queen bees (shapeshifter)
  2 two-headed ogres (shapeshifter)
  7 harpy skeletons
  86 slime creatures
  5 hydra skeletons
  7 ice dragon zombies
  2 ravens (shapeshifter)
  A minotaur skeleton (Abyss:4)
  7 raiju
  A tengu simulacrum (Vaults:4)
  6 alligator zombies
  15 ushabtiu
  A frost giant simulacrum (Abyss:4)
  10 ettin zombies
  4 fire dragon zombies
  8 ravens
  70 redbacks
  8 boulder beetles
  12 snapping turtles
  7 basilisks
  77 flying skulls
  A wandering mushroom (Lair:6)
  19 trapdoor spiders
  2 human simulacra
  A trapdoor spider (shapeshifter) (Vaults:5)
  5 alligator skeletons
  2 black mamba zombies
  A yak (shapeshifter) (Depths:3)
  5 ice dragon skeletons
  49 shadows
  21 water elementals
  5 ettin skeletons
  23 vampires
  12 spriggans
  2 wyverns
  51 yaks
  A hill giant zombie (D:10)
  27 deep elf magi
  5 fire dragon skeletons
  22 tarantellas
  37 wraiths
  4 air elementals (Depths:5)
  A centaur simulacrum (D:15)
  41 fire elementals
  A human (shapeshifter) (Vaults:1)
  37 neqoxecs
  A redback simulacrum (D:15)
  A wind drake skeleton (Crypt:1)
  A black mamba skeleton (Geh:6)
  30 deep elf fighters
  5 chaos spawn
  18 hippogriffs
  17 small abominations
  30 ynoxinuls
  9 golden eyes
  6 hogs
  A naga (shapeshifter) (Vaults:5)
  A hippogriff (shapeshifter) (D:15)
  17 humans
  4 mottled dragons
  11 hungry ghosts
  15 vampire mosquitoes
  40 wolves
  8 insubstantial wisps
  8 wargs
  Edmund (D:7)
  5 raven skeletons (Crypt:3)
  10 porcupines
  10 spiny frog zombies
  9 spatial vortices
  An infernal demonspawn zombie (Crypt:2)
  A harpy simulacrum (Tomb:3)
  23 water moccasins
  2 hydra simulacra
  2 mottled dragons (shapeshifter)
  41 hell hounds
  2 soldier ants (D:13)
  2 sky beasts
  37 necrophages
  4 eyes of draining
  A deep troll skeleton (Vaults:4)
  2 merfolk skeletons
  8 spiny frog skeletons
  A swamp drake (Zot:1)
  2 manticore zombies
  64 orc warriors
  12 spiders
  16 ice beasts
  4 boggarts (D:15)
  10 wasps
  An ice dragon simulacrum (Crypt:1)
  2 ettin simulacra
  4 phantoms
  A black bear (shapeshifter) (Vaults:4)
  4 snapping turtle zombies
  A swamp dragon zombie (Geh:7)
  A blink frog skeleton (Crypt:1)
  A snapping turtle skeleton (Coc:3)
  A black bear (Lair:2)
  17 centaurs
  5 boring beetles
  A manticore skeleton (Geh:6)
  A black mamba simulacrum (Crypt:2)
  7 swamp dragon skeletons
  10 crocodiles
  Duvessa (D:5)
  68 ogres
  A brain worm (Abyss:1)
  2 elf zombies
  Blork the orc (D:5)
  19 giant frogs
  2 wyvern zombies
  3 lost souls
  A komodo dragon skeleton (Crypt:2)
  24 jellies
  2 spiny frog simulacra
  10 scorpions
  2 manticore simulacra
  2 spriggan zombies
  2 troll zombies
  An orc simulacrum (Vaults:1)
  An elf skeleton (Vaults:1)
  5 goliath beetles
  37 killer bees
  46 wights
  6 electric eels
  14 crimson imps
  2 vampire bats (D:3)
  A quasit (Geh:7)
  Dowan (D:5)
  5 centaur zombies
  Crazy Yiuf (D:5)
  24 orc priests
  5 gnoll shamans (D:3)
  19 hounds
  20 iron imps
  4 lava snakes (Volcano)
  3 centaur skeletons
  4 giant frog skeletons
  35 orc wizards
  7 iguanas
  21 hell rats
  11 worker ants
  9 sheep
  9 ogre zombies
  A tengu zombie (Dis:7)
  A killer bee zombie (Crypt:2)
  A naga zombie (Tar:3)
  2 tengu skeletons
  31 gnolls
  A hound skeleton (D:9)
  58 mummies
  A worker ant zombie (D:5)
  76 river rats
  A scorpion zombie (Crypt:1)
  29 adders
  12 shadow imps
  7 white imps
  A giant mite (D:7)
  A goliath beetle zombie (Crypt:2)
  3 giant eyeballs
  38 ufetubi
  3 worms
  An adder zombie (D:9)
  2 giant geckos
  2 oozes
  212 orcs
  19 bats
  3 bat skeletons (D:3)
  3 bat zombies
  7 giant cockroaches
  24 hobgoblins
  20 jackals
  10 quokkas
  2 ball pythons
  A giant gecko skeleton (D:4)
  A giant gecko zombie (D:5)
  2 giant mite zombies (Crypt:1)
  4 giant newts
  A giant newt skeleton (Crypt:2)
  2 giant spores
  34 goblins
  3 goblin skeletons
  A goblin zombie (D:10)
  2 hobgoblin skeletons (D:10)
  4 hobgoblin zombies
  18 kobolds
  3 kobold zombies
  A lurking horror (Abyss:3)
  6 orc skeletons
  27 orc zombies
  6 rats
  5 ballistomycetes
  2 crawling corpses (Elf:3)
  5 fungi
  3 grand avatars (Pan)
  4 plants
  8 starspawn tentacles
  9 tentacles
5700 creatures vanquished.

Vanquished Creatures (collateral kills)
  3 greater mummies (Tomb:1)
  An Ice Fiend (Tar:7)
  A storm dragon (Dis:7)
  A cacodemon (Pan)
  An ophan (Pan)
  2 death scarabs (Tomb:3)
  A cherub (Pan)
  An anaconda zombie (Tomb:1)
  A giant orange brain (Pan)
  A sixfirhy (Pan)
  A freezing wraith (Dis:7)
  A spectral harpy (Tomb:3)
  A ynoxinul (Pan)
  A chaos spawn (Pan)
  A mummy (Tomb:3)
  2 ufetubi (Pan)
20 creatures vanquished.

Vanquished Creatures (others)
  2 eldritch tentacles (Dis:7)
  A fire giant (Vaults:5)
  A yellow draconian (Zot:1)
  An ogre mage (Vaults:1)
  A tengu warrior (Depths:3)
  7 death scarabs (Tomb:3)
  7 ball lightnings
  A cherub (Pan)
  A deep elf summoner (Elf:1)
  2 deep elf conjurers (Elf:2)
  An infernal demonspawn (Pan)
  An ugly thing (Depths:5)
  A wolf spider zombie (Geh:7)
  A large abomination (Abyss:1)
  2 sixfirhies
  A moth of wrath (Zot:5)
  A hellwing (Geh:7)
  274 fire vortices
  An ice dragon zombie (Geh:7)
  2 deep elf magi
  2 vampires
  3 flying skulls (Tomb:2)
  A wraith (Coc:7)
  A tarantella (Elf:1)
  2 deep elf fighters
  A fire elemental (Geh:7)
  A hydra simulacrum (Tomb:3)
  A necrophage (Geh:1)
  An ogre (Vaults:2)
  A fire dragon simulacrum (Tomb:2)
  5 lost souls
  A wight (Geh:5)
  2 mummies (Tomb:2)
  An ufetubus (Pan)
  2 giant spores
  A lurking horror (Abyss:4)
  An orc zombie (D:10)
  A ballistomycete (D:10)
  A block of ice (Depths:5)
  165 eldritch tentacle segments (Dis:7)
  2 fungi
  26 plants
  A singularity (Depths:5)
  13 starspawn tentacles
  47 starspawn tentacle segments
  33 tentacles
  484 tentacle segments
1109 creatures vanquished.

Grand Total: 6829 creatures vanquished

Notes
Turn   | Place    | Note
--------------------------------------------------------------
     0 | D:1      | kryft, the Draconian Fire Elementalist, began the quest for the Orb.
     0 | D:1      | Reached XP level 1. HP: 14/14 MP: 3/3
   202 | D:1      | Reached XP level 2. HP: 20/20 MP: 1/4
  1028 | D:2      | Found a shadowy altar of Dithmenos.
  1099 | D:2      | Found a blossoming altar of Fedhas.
  1197 | D:2      | Reached XP level 3. HP: 14/26 MP: 0/6
  1496 | D:2      | Learned a level 3 spell: Conjure Flame
  1595 | D:2      | Found an iron altar of Okawaru.
  1596 | D:2      | Found a bloodstained altar of Trog.
  1890 | D:3      | Reached XP level 4. HP: 33/33 MP: 7/7
  1903 | D:3      | Found an ancient bone altar of Kikubaaqudgha.
  1924 | D:3      | Reached XP level 5. HP: 34/38 MP: 1/9
  2267 | D:3      | Learned a level 4 spell: Sticky Flame
  2287 | D:3      | Reached skill level 4 in Fire Magic
  2930 | D:3      | Reached XP level 6. HP: 36/45 MP: 4/12
  3187 | D:3      | Noticed a gnoll sergeant
  3692 | D:3      | Reached skill level 5 in Fire Magic
  3721 | D:3      | Reached skill level 5 in Conjurations
  4468 | D:3      | Your scales start taking on a fiery red colour.
  4468 | D:3      | Gained mutation: Your flesh is heat resistant. [draconian maturity]
  4468 | D:3      | Reached skill level 6 in Fire Magic
  4468 | D:3      | Reached XP level 7. HP: 48/50 MP: 9/14
  5585 | D:4      | Reached skill level 7 in Fire Magic
  5809 | D:5      | Entered Level 5 of the Dungeon
  5978 | D:5      | Noticed Duvessa
  5978 | D:5      | Noticed Dowan
  6003 | D:5      | Killed Dowan
  6516 | D:5      | Reached skill level 8 in Fire Magic
  6586 | D:6      | Reached XP level 8. HP: 57/57 MP: 10/17
  6849 | D:6      | Found a glowing golden altar of the Shining One.
  6922 | D:6      | Learned a level 5 spell: Fireball
  7345 | D:6      | Found an opulent altar of Gozag.
  7345 | D:6      | Found a sparkling altar of Nemelex Xobeh.
  7663 | D:5      | Found a shimmering altar of Xom.
  7704 | D:5      | Killed Duvessa
  7704 | D:5      | Reached skill level 5 in Spellcasting
  7704 | D:5      | Reached skill level 9 in Fire Magic
  7867 | D:5      | Noticed Blork the orc
  7899 | D:5      | Killed Blork the orc
  8294 | D:5      | Noticed Crazy Yiuf
  8302 | D:5      | Killed Crazy Yiuf
  8451 | D:7      | Reached skill level 10 in Fire Magic
  8451 | D:7      | Reached XP level 9. HP: 57/62 MP: 11/22
  8583 | D:7      | Found Pliodd's Magic Scroll Shoppe.
  8586 | D:7      | Bought a scroll of fear for 35 gold pieces
  8652 | D:7      | Noticed Edmund
  8666 | D:7      | Killed Edmund
  8702 | D:7      | Found Qathuuwk's Armour Emporium.
  8944 | D:7      | Found Kinomun's General Store.
  8945 | D:7      | Noticed Joseph
  8960 | D:7      | Killed Joseph
  8965 | D:7      | Reached skill level 11 in Fire Magic
  9108 | D:7      | Found Ymarchos' Weapon Shoppe.
  9147 | D:7      | Found a staircase to the Ecumenical Temple.
  9164 | Temple   | Entered the Ecumenical Temple
  9205 | Temple   | Became a worshipper of Vehumet
  9405 | D:7      | Found a white marble altar of Elyvilon.
 10019 | D:8      | Noticed Prince Ribbit
 10027 | D:8      | Killed Prince Ribbit
 10235 | D:9      | Found a snail-covered altar of Cheibriados.
 10324 | D:9      | Reached XP level 10. HP: 69/69 MP: 13/26
 10504 | D:9      | Acquired Vehumet's first power
 10504 | D:9      | Offered knowledge of Sandblast by Vehumet.
 10698 | D:9      | Found Irauf's Jewellery Shop.
 10891 | D:9      | Found a deep blue altar of Sif Muna.
 11125 | D:9      | Noticed Erolcha
 11382 | D:10     | Entered Level 10 of the Dungeon
 11382 | D:10     | Noticed Harold
 11653 | D:10     | Noticed a hill giant
 11825 | D:10     | Offered knowledge of Freeze by Vehumet.
 12123 | D:10     | Noticed Nergalle
 12127 | D:10     | Noticed a hill giant
 12555 | D:10     | Noticed a hill giant
 12682 | D:9      | Reached skill level 5 in Staves
 13046 | D:11     | Offered knowledge of Throw Frost by Vehumet.
 13093 | D:11     | Reached XP level 11. HP: 74/74 MP: 24/27
 13104 | D:11     | Learned a level 2 spell: Throw Flame
 13426 | D:11     | Reached skill level 1 in Fighting
 13926 | D:11     | Acquired Vehumet's second power
 14484 | D:10     | Killed Harold
 14955 | D:10     | Found a staircase to the Orcish Mines.
 14966 | D:10     | Killed a hill giant
 15171 | D:9      | Offered knowledge of Static Discharge by Vehumet.
 15203 | D:9      | Bought an uncursed ring of protection from cold for 325 gold pieces
 15209 | D:9      | Identified a scroll of acquirement
 15359 | D:10     | Noticed Josephine
 15810 | D:10     | Killed Josephine
 15810 | D:10     | Reached skill level 5 in Fighting
 15818 | D:10     | Acquired Vehumet's third power
 16046 | D:9      | Killed Erolcha
 16046 | D:9      | Reached skill level 5 in Dodging
 16178 | D:10     | Offered knowledge of Iskenderun's Mystic Blast by Vehumet.
 16185 | D:10     | Learned a level 4 spell: Iskenderun's Mystic Blast
 16329 | D:10     | Found a staircase to the Lair.
 16349 | Lair:1   | Entered Level 1 of the Lair of Beasts
 17936 | Lair:2   | Reached XP level 12. HP: 63/100 MP: 16/28
 17993 | Lair:2   | Offered knowledge of Fulminant Prism by Vehumet.
 19159 | Lair:3   | Found a dark tunnel.
 19168 | Volcano  | Entered a volcano
 19257 | Volcano  | Found a burning altar of Makhleb.
 20146 | Lair:3   | Reached skill level 12 in Fire Magic
 20444 | Lair:4   | Noticed Snorg
 20456 | Lair:4   | Killed Snorg
 20725 | Lair:4   | Found a staircase to the Shoals.
 20796 | Lair:4   | Reached skill level 10 in Conjurations
 20837 | Lair:4   | Got a transparent falchion
 20927 | Lair:4   | Found a frozen archway.
 21030 | IceCv    | Entered an ice cave
 21390 | IceCv    | Reached XP level 13. HP: 90/105 MP: 15/29
 21452 | IceCv    | Identified the +3 falchion "Wisous" {drain, +Fly rF+} (You found it on level 4 of the Lair of Beasts)
 21981 | IceCv    | Noticed a frost giant
 22231 | IceCv    | Killed a frost giant
 23185 | Lair:5   | Found a hole to the Spider Nest.
 23243 | Lair:5   | Offered knowledge of Lightning Bolt by Vehumet.
 23306 | Lair:5   | Reached skill level 10 in Staves
 24878 | Lair:6   | Found a viscous altar of Jiyva.
 24878 | Lair:6   | Found a staircase to the Slime Pits.
 25786 | Lair:7   | Reached XP level 14. HP: 113/113 MP: 5/30
 26059 | Lair:7   | Reached skill level 13 in Conjurations
 26502 | Lair:6   | Offered knowledge of Irradiate by Vehumet.
 27259 | Lair:8   | Entered Level 8 of the Lair of Beasts
 28454 | Lair:8   | Reached skill level 14 in Conjurations
 29206 | Lair:8   | Offered knowledge of Bolt of Fire by Vehumet.
 29310 | Lair:7   | Learned a level 6 spell: Bolt of Fire
 30963 | D:10     | Killed Nergalle
 31278 | D:12     | Reached XP level 15. HP: 118/118 MP: 22/32
 31355 | D:12     | Reached skill level 10 in Spellcasting
 31738 | Orc:1    | Entered Level 1 of the Orcish Mines
 31797 | Orc:1    | Found Throkkul's Food Shop.
 31833 | Orc:1    | Offered knowledge of Poisonous Cloud by Vehumet.
 31849 | Orc:1    | Learned a level 6 spell: Poisonous Cloud
 32283 | Orc:2    | Found Froasm's Weapon Shoppe.
 32343 | Orc:2    | Reached skill level 1 in Air Magic
 32538 | Orc:2    | Reached skill level 1 in Poison Magic
 32569 | Orc:2    | Found a roughly hewn altar of Beogh.
 33166 | Orc:3    | Offered knowledge of Delayed Fireball by Vehumet.
 33189 | Orc:3    | Learned a level 7 spell: Delayed Fireball
 33490 | Orc:3    | Noticed Sonja
 33493 | Orc:3    | Noticed Urug
 33494 | Orc:3    | Killed Sonja
 33498 | Orc:3    | Killed Urug
 33751 | Orc:4    | Entered Level 4 of the Orcish Mines
 33873 | Orc:4    | Found a roughly hewn altar of Beogh.
 34512 | Orc:4    | Found a staircase to the Elven Halls.
 34532 | Orc:4    | Found Ulur's Antique Weapon Shop.
 34610 | Orc:4    | Bought a glowing lajatang for 285 gold pieces
 34653 | Orc:4    | Found Xaohey's Antique Armour Boutique.
 36119 | Orc:4    | Bought a warped cloak for 266 gold pieces
 36132 | Orc:4    | Identified the +0 cloak "Topoxaed" {rC+ MR- Regen+ rCorr} (You bought it in a shop on level 4 of the Orcish Mines)
 36146 | Orc:4    | Bought an embroidered cloak for 126 gold pieces
 36204 | Orc:4    | Found Zeimi's Jewellery Emporium.
 36276 | Orc:4    | Found Nuigeluze's General Store.
 36554 | Orc:4    | Bought a pair of boots for 126 gold pieces
 36769 | D:13     | Found a gate to the Vaults.
 36769 | D:13     | Noticed Rupert
 36900 | D:13     | Offered knowledge of Conjure Ball Lightning by Vehumet.
 36901 | D:13     | Reached skill level 5 in Poison Magic
 36941 | D:13     | Reached skill level 5 in Air Magic
 37594 | D:14     | Noticed Kirke
 37780 | D:14     | Killed Kirke
 37806 | D:14     | Noticed Erica
 37809 | D:14     | Killed Erica
 37912 | D:14     | Offered knowledge of Lehudib's Crystal Spear by Vehumet.
 37912 | D:14     | Offered knowledge of Fire Storm by Vehumet.
 37912 | D:14     | Offered knowledge of Tornado by Vehumet.
 38451 | D:14     | Noticed a storm dragon
 38652 | D:15     | Entered Level 15 of the Dungeon
 38867 | D:15     | Reached XP level 16. HP: 126/126 MP: 23/33
 39120 | D:15     | Found a staircase to the Depths.
 40067 | D:15     | Reached skill level 10 in Dodging
 40560 | D:13     | Killed Rupert
 41377 | Spider:1 | Entered Level 1 of the Spider Nest
 41485 | Spider:1 | Reached XP level 17. HP: 77/132 MP: 24/35
 43737 | Spider:3 | Learned a level 5 spell: Ignite Poison
 44166 | Spider:4 | Reached skill level 10 in Fighting
 44409 | Spider:4 | Reached XP level 18. HP: 131/145 MP: 32/35
 44448 | Spider:4 | Noticed Azrael
 44547 | Spider:4 | Killed Azrael
 44974 | Spider:5 | Entered Level 5 of the Spider Nest
 46512 | Spider:5 | Got a gossamer rune of Zot
 47117 | Elf:1    | Entered Level 1 of the Elven Halls
 47443 | Elf:1    | Noticed Nikola
 47448 | Elf:1    | Cast into the Abyss (a deep elf sorcerer)
 47448 | Abyss:1  | Found a corrupted altar of Lugonu.
 47490 | Abyss:1  | Gained mutation: You occasionally shout uncontrollably at your foes. [a neqoxec]
 47602 | Abyss:1  | Noticed an ancient lich
 47787 | Abyss:1  | Reached skill level 15 in Conjurations
 47859 | Abyss:1  | Noticed a bone dragon
 47970 | Abyss:1  | Lost mutation: You occasionally shout uncontrollably at your foes. [potion of cure mutation]
 48145 | Elf:1    | Escaped the Abyss
 48411 | Shoals:1 | Entered Level 1 of the Shoals
 48552 | Shoals:1 | Reached skill level 5 in Stealth
 49244 | Shoals:2 | Noticed Norris
 50096 | Shoals:3 | Reached XP level 19. HP: 144/154 MP: 18/37
 50576 | Shoals:4 | Noticed Ilsuiw
 50579 | Shoals:4 | Killed Ilsuiw
 50783 | Shoals:4 | Reached skill level 10 in Stealth
 51020 | Shoals:4 | Found Pnipaske's Gadget Shoppe.
 51090 | Shoals:4 | Found Cunoimoo's Weapon Shoppe.
 51094 | Shoals:4 | Found Mairuonn's Armour Emporium.
 51110 | Shoals:4 | Learned a level 7 spell: Ring of Flames
 51349 | Shoals:4 | Noticed Louise
 51354 | Shoals:4 | Killed Louise
 51643 | Shoals:4 | Found Yla Hah's Jewellery Shop.
 51743 | Shoals:5 | Entered Level 5 of the Shoals
 52186 | Shoals:5 | Identified the Tome of Dislocated Bewitchment (You found it on level 5 of the Shoals)
 52528 | Shoals:5 | Got a barnacled rune of Zot
 53265 | Shoals:5 | Got a faintly glowing great mace
 53272 | Shoals:5 | Found Ruabua's Armour Shop.
 53999 | Shoals:5 | Identified the +10 great mace of Karma {freeze, rF+ Dex+6} (You took it off a merfolk on level 5 of the Shoals)
 54203 | Shoals:1 | You fall through a shaft!
 54692 | D:14     | Reached skill level 15 in Fire Magic
 54818 | D:14     | Got a polished quarterstaff
 54819 | D:14     | Identified the +7 quarterstaff of Beogh's Hatred {crush, Int+2} (You took it off a kobold demonologist on level 14 of the Dungeon)
 55102 | D:14     | Killed a storm dragon
 55286 | D:14     | Found Magiros' Gadget Emporium.
 55358 | Vaults:1 | Entered Level 1 of the Vaults
 55555 | Vaults:1 | Reached skill level 16 in Conjurations
 55728 | Vaults:1 | Got a scintillating bone amulet
 55734 | Vaults:1 | Identified the amulet of the Many Moons {rCorr Contam rF+ Int+4 Dex+3} (You found it on level 1 of the Vaults)
 56198 | Vaults:1 | Reached XP level 20. HP: 147/161 MP: 31/38
 57996 | Vaults:2 | Noticed Jorgrun
 58018 | Vaults:1 | Reached skill level 17 in Conjurations
 58477 | Vaults:2 | Found a staircase to the Crypt.
 58503 | Crypt:1  | Entered Level 1 of the Crypt
 58550 | Crypt:1  | Noticed Saint Roka
 58557 | Crypt:1  | Killed Saint Roka
 58653 | Crypt:1  | Noticed Khufu
 59384 | Crypt:1  | Killed Khufu
 61590 | Vaults:2 | Killed Jorgrun
 61652 | Vaults:2 | Reached skill level 18 in Fire Magic
 62133 | Vaults:2 | Reached XP level 21. HP: 167/167 MP: 34/39
 63680 | Vaults:4 | Found Oguicwa's Assorted Antiques.
 63691 | Vaults:4 | Bought a potion of haste for 270 gold pieces
 64133 | Vaults:4 | Noticed Donald
 64142 | Vaults:4 | Killed Donald
 64347 | Vaults:4 | Reached skill level 19 in Fire Magic
 65003 | Vaults:4 | Noticed Wiglaf
 65018 | Vaults:4 | Killed Wiglaf
 66454 | Depths:1 | Entered Level 1 of the Depths
 66826 | Depths:1 | Reached XP level 22. HP: 140/175 MP: 40/40
 67203 | Depths:1 | Found a gateway to Hell.
 68000 | Depths:2 | Found Ediraluz's Antique Weapon Shop.
 68289 | Depths:2 | Reached skill level 15 in Spellcasting
 68338 | Depths:2 | Reached skill level 20 in Fire Magic
 68621 | Depths:2 | Found Hoatsaesch's Book Shop.
 68630 | Depths:2 | Bought a book of Enchantments for 700 gold pieces
 68677 | Depths:2 | Learned a level 6 spell: Haste
 68729 | Depths:2 | Reached skill level 1 in Charms
 68835 | Depths:2 | Found Klazxy Lokho's Food Shoppe.
 69306 | Depths:2 | Reached skill level 5 in Charms
 69342 | Depths:2 | Learned a level 6 spell: Deflect Missiles
 69346 | Depths:2 | Identified the Papyrus of Boosting Sinister Magic (You found it on level 2 of the Depths)
 69353 | Depths:2 | Learned a level 3 spell: Regeneration
 70591 | Depths:3 | Found a runed door.
 70761 | Depths:3 | Found a one-way gate leading to the halls of Pandemonium.
 70789 | Depths:3 | Found a gateway to a ziggurat.
 71315 | Depths:3 | Found a runed door.
 71598 | Depths:3 | Reached skill level 10 in Charms
 71619 | Depths:3 | Reached XP level 23. HP: 154/181 MP: 16/41
 72024 | Depths:3 | Learned a level 2 spell: Swiftness
 72028 | Depths:3 | Learned a level 3 spell: Flight
 72133 | Depths:4 | Noticed Mennas
 72467 | Depths:5 | Entered Level 5 of the Depths
 74026 | Depths:5 | Found a gate to the Realm of Zot.
 74484 | Depths:5 | Found a one-way gate to the infinite horrors of the Abyss.
 74984 | Depths:4 | Killed Mennas
 75378 | Depths:4 | Found Pnyqeiri's Distillery.
 75395 | Depths:4 | Bought a potion of heal wounds for 100 gold pieces
 75395 | Depths:4 | Bought a potion of heal wounds for 100 gold pieces
 76317 | Elf:1    | Killed Nikola
 76414 | Elf:1    | Identified Efotoa's Catalogue of the Escort (You found it on level 1 of the Elven Halls)
 76485 | Elf:1    | Found Keaci's Food Shoppe.
 76620 | Elf:2    | Reached XP level 24. HP: 156/191 MP: 30/42
 76714 | Elf:2    | Found Zinlad's Antique Weapon Emporium.
 77091 | Elf:2    | Found a runed gate.
 77091 | Elf:2    | Found a runed gate.
 77091 | Elf:2    | Found a runed gate.
 77141 | Elf:3    | Entered Level 3 of the Elven Halls
 77259 | Elf:3    | Found Mnaciporo's Armour Boutique.
 77528 | Elf:3    | Cast into the Abyss (a deep elf sorcerer)
 77721 | Abyss:1  | Found a corrupted altar of Lugonu.
 77846 | Elf:3    | Escaped the Abyss
 77944 | Elf:3    | Reached skill level 21 in Fire Magic
 78082 | Elf:3    | Got a scorched tin ring
 78088 | Elf:3    | Identified the ring of Absolutism {MR+ EV+3 Int+2} (You took it off a deep elf conjurer on level 3 of the Elven Halls)
 78117 | Elf:3    | Got a brightly glowing glass ring
 78118 | Elf:3    | Identified the ring "Ivulegri" {rPois rN+ MP-9 Str+4 Slay+3 Stlth+} (You took it off a deep elf annihilator on level 3 of the Elven Halls)
 78225 | Elf:3    | Got a twitching lapis lazuli ring
 78226 | Elf:3    | Identified the ring "Zeshrass" {+Fly rC+ Int+4 Dex+4} (You took it off a deep elf sorcerer on level 3 of the Elven Halls)
 79670 | Elf:3    | Gained mutation: Your spells are a little harder to cast, but a little more powerful. [potion of beneficial mutation]
 79785 | Elf:3    | Got a clouded copper amulet
 79786 | Elf:3    | Identified the amulet of Qiosseb {Spirit -Tele rF+ SInv} (You took it off a deep elf high priest on level 3 of the Elven Halls)
 80001 | Elf:3    | Learned a level 3 spell: Ozocubu's Armour
 80023 | Elf:3    | Learned a level 6 spell: Iron Shot
 80217 | Orc:4    | Bought a runed buckler for 126 gold pieces
 81496 | Crypt:1  | Reached skill level 1 in Long Blades
 81938 | Crypt:2  | Reached skill level 5 in Long Blades
 82801 | Crypt:2  | Reached skill level 10 in Long Blades
 83289 | Crypt:3  | Entered Level 3 of the Crypt
 83320 | Crypt:3  | Reached XP level 25. HP: 196/196 MP: 17/43
 83943 | Crypt:3  | Found a basalt altar of Yredelemnul.
 85037 | Crypt:3  | Reached skill level 22 in Fire Magic
 85466 | Crypt:3  | Found a staircase to the Tomb.
 86754 | Crypt:3  | Noticed soul's ghost (great DEFE)
 86776 | Crypt:3  | Killed soul's ghost
 87291 | Crypt:3  | Identified the Compendium of Helpful Dark Arts
 87318 | Crypt:3  | Got a scorched wooden ring
 87318 | Crypt:3  | Got a clouded ruby amulet
 87318 | Crypt:3  | Got a glittering silver ring
 87323 | Crypt:3  | Identified the ring "Qoest" {+Fly rC+ rN+ MP-9 Str+6 Dex-5} (You found it on level 3 of the Crypt)
 87325 | Crypt:3  | Identified the amulet "Sep Tapn" {Ward +Inv rN+ Int+4 Dex+4} (You found it on level 3 of the Crypt)
 87326 | Crypt:3  | Identified the ring "Ziekeh" {rPois rN+ Dex+4} (You found it on level 3 of the Crypt)
 88515 | Slime:1  | Entered Level 1 of the Pits of Slime
 88522 | Slime:1  | Reached skill level 1 in Shields
 88792 | Slime:6  | Entered Level 6 of the Pits of Slime
 89292 | Slime:6  | Noticed the royal jelly
 89294 | Slime:6  | Found a viscous altar of Jiyva.
 89318 | Slime:6  | Killed the royal jelly
 89318 | Slime:6  | Reached XP level 26. HP: 197/201 MP: 20/44
 89466 | Slime:6  | Got a slimy rune of Zot
 89502 | Slime:6  | Identified Osupri's Collected Works on Boosting Bewitchment
 89624 | Slime:6  | Got a crude platinum amulet
 89625 | Slime:6  | Identified the amulet of Trexe {Stasis rPois rC- MP+9 Dex+5} (You found it on level 6 of the Pits of Slime)
 89655 | Slime:6  | Learned a level 9 spell: Fire Storm
 89664 | Slime:6  | Learned a level 2 spell: Blink
 90012 | Shoals:2 | Noticed Polyphemus
 90015 | Shoals:2 | Killed Polyphemus
 90015 | Shoals:2 | Reached skill level 23 in Fire Magic
 90243 | Shoals:2 | Killed Norris
 90334 | Shoals:2 | Learned a level 1 spell: Apportation
 91168 | D:7      | Bought a scroll of enchant weapon for 75 gold pieces
 91598 | Zot:1    | Entered Level 1 of the Realm of Zot
 92735 | Zot:1    | Noticed an orb of fire
 93169 | Vaults:5 | Entered Level 5 of the Vaults
 93357 | Vaults:5 | Reached skill level 24 in Fire Magic
 93645 | Vaults:5 | Noticed an ancient lich
 93675 | Vaults:5 | Noticed an ancient lich
 93689 | Vaults:5 | Killed an ancient lich
 93725 | Vaults:5 | Killed an ancient lich
 93735 | Vaults:5 | Found Fyxidgha's Magic Scroll Shoppe.
 93749 | Vaults:5 | Reached XP level 27. HP: 97/207 MP: 12/46
 93790 | Vaults:5 | Bought a scroll of blinking for 127 gold pieces
 93975 | Vaults:5 | Found Dysodab's Distillery.
 93977 | Vaults:5 | Got a silver rune of Zot
 93985 | Vaults:5 | Bought a potion of resistance for 160 gold pieces
 93992 | Vaults:5 | Found Shocwum's Distillery.
 93998 | Vaults:5 | Bought a potion of beneficial mutation for 560 gold pieces
 93998 | Vaults:5 | Gained mutation: Your skin changes colour to match your surroundings (Stealth). [potion of beneficial mutation]
 94716 | Vaults:5 | Noticed an ancient lich
 94728 | Vaults:5 | Killed an ancient lich
 95098 | Vaults:5 | Identified the Compendium of the Dozen Lies (You found it on level 5 of the Vaults)
 96004 | Zot:1    | Reached skill level 25 in Fire Magic
 96335 | Depths:5 | Voluntarily entered the Abyss.
 96910 | Abyss:3  | Found a corrupted altar of Lugonu.
 97195 | Abyss:4  | Found a corrupted altar of Lugonu.
 97269 | Abyss:4  | Got an abyssal rune of Zot
 97430 | Depths:5 | Escaped the Abyss
 97696 | Hell     | Entered the Vestibule of Hell
 97698 | Hell     | Noticed Geryon
 97756 | Hell     | Noticed Murray
 97938 | Hell     | Killed Geryon
 98110 | Depths:5 | Learned a level 5 spell: Dispel Undead
 98403 | Depths:5 | Reached skill level 1 in Necromancy
 98466 | Hell     | Killed Murray
 98944 | Hell     | Reached skill level 5 in Necromancy
 99090 | Hell     | Found a gateway to the Iron City of Dis.
 99135 | Hell     | Found a gateway to the freezing wastes of Cocytus.
 99230 | Hell     | Found a gateway to the decaying netherworld of Tartarus.
 99292 | Hell     | Found a gateway to the ashen valley of Gehenna.
 99433 | Coc:1    | Entered Level 1 of Cocytus
 99970 | Coc:4    | Reached skill level 10 in Necromancy
100147 | Coc:7    | Entered Level 7 of Cocytus
100302 | Coc:7    | Reached skill level 26 in Fire Magic
100706 | Coc:7    | Noticed Antaeus
100745 | Coc:7    | Killed Antaeus
100763 | Coc:7    | Got an icy rune of Zot
101122 | Coc:7    | Gained mutation: Your system is resistant to poisons. [mutagenic glow]
101181 | Coc:7    | Lost mutation: Your spells are a little harder to cast, but a little more powerful. [mutagenic glow]
101510 | Dis:1    | Entered Level 1 of the Iron City of Dis
102332 | Dis:7    | Entered Level 7 of the Iron City of Dis
102621 | Dis:7    | Reached skill level 15 in Dodging
102677 | Dis:7    | Reached skill level 15 in Fighting
102999 | Dis:7    | HP: 6/228 [Hell Sentinel/blast of hellfire (48)]
103249 | Dis:7    | Noticed the Serpent of Hell
103498 | Dis:7    | Killed the Serpent of Hell
103826 | Dis:7    | Got a twitching iron ring
103834 | Dis:7    | Identified the ring "Qolam" {rElec rF+ rC+ Str-4 Int+4 Dex+3} (You found it on level 7 of the Iron City of Dis)
104335 | Dis:7    | Noticed Dispater
104541 | Dis:7    | Killed Dispater
104575 | Dis:7    | Got a pair of jewelled boots
104576 | Dis:7    | Identified the +1 pair of boots of the Centipede {rPois rN++ Str+3 Int-5 Stlth-} (You found it on level 7 of the Iron City of Dis)
104580 | Dis:7    | Got an iron rune of Zot
105243 | Lair:5   | Learned a level 6 spell: Bolt of Cold
105659 | Geh:1    | Entered Level 1 of Gehenna
105702 | Geh:2    | Reached skill level 1 in Ice Magic
106390 | Geh:7    | Entered Level 7 of Gehenna
106626 | Geh:7    | Reached skill level 5 in Ice Magic
106787 | Geh:7    | HP: 5/238 [Brimstone Fiend/blast of hellfire (33)]
107438 | Geh:7    | HP: 11/239 [Brimstone Fiend/blast of hellfire (30)]
107541 | Geh:7    | Identified Further Progress in Witchcraft (You found it on level 7 of Gehenna)
107557 | Geh:7    | Noticed Asmodeus
108077 | Geh:7    | Killed Asmodeus
108097 | Geh:7    | Got an obsidian rune of Zot
108305 | Tar:1    | Entered Level 1 of Tartarus
109455 | Tar:7    | Entered Level 7 of Tartarus
109896 | Tar:7    | Noticed Ereshkigal
110198 | Tar:7    | Gained mutation: You tend to lose your temper in combat. [a neqoxec]
110627 | Tar:7    | Paralysed by Ereshkigal for 3 turns
110680 | Tar:7    | Lost mutation: You tend to lose your temper in combat. [mutagenic glow]
110702 | Tar:7    | Gained mutation: You heal slowly when monsters are visible. [mutagenic glow]
110760 | Tar:7    | Gained mutation: Your spells are a little easier to cast, but a little less powerful. [mutagenic glow]
110775 | Tar:7    | Got a smoking glass ring
110776 | Tar:7    | Identified the ring "Skocog" {rC+ Int+6} (You found it on level 7 of Tartarus)
110783 | Tar:7    | Got a bone rune of Zot
110785 | Tar:7    | Got a sparkling wooden ring
110786 | Tar:7    | Identified the ring "Toahipt" {rC++ Str+2 Int+4 Dex+5 Slay-5} (You found it on level 7 of Tartarus)
110819 | Tar:7    | Gained mutation: Your body is misshapen. [mutagenic glow]
111069 | Depths:4 | Bought a potion of haste for 200 gold pieces
111069 | Depths:4 | Bought 2 potions of haste for 400 gold pieces
111069 | Depths:4 | Bought a potion of curing for 60 gold pieces
111069 | Depths:4 | Bought 2 potions of curing for 120 gold pieces
111069 | Depths:4 | Bought a potion of haste for 200 gold pieces
111069 | Depths:4 | Bought 2 potions of agility for 160 gold pieces
111428 | Vaults:4 | Bought 2 potions of curing for 162 gold pieces
111428 | Vaults:4 | Bought a scroll of teleportation for 81 gold pieces
111460 | Vaults:5 | Bought a potion of heal wounds for 80 gold pieces
111460 | Vaults:5 | Bought a potion of agility for 64 gold pieces
111460 | Vaults:5 | Bought a potion of heal wounds for 80 gold pieces
111460 | Vaults:5 | Bought a potion of curing for 48 gold pieces
111460 | Vaults:5 | Bought a potion of curing for 48 gold pieces
111460 | Vaults:5 | Bought a potion of heal wounds for 80 gold pieces
112099 | D:7      | Bought a scroll of recharging for 95 gold pieces
112485 | Pan      | Entered Pandemonium
112687 | Pan      | Found an exit through the horrors of the Abyss.
112718 | Pan      | Noticed Shaluqol the pandemonium lord
112735 | Pan      | Killed Shaluqol the pandemonium lord
112749 | Pan      | Gained mutation: You tend to lose your temper in combat. [a neqoxec]
112759 | Pan      | Lost mutation: Your spells are a little easier to cast, but a little less powerful. [potion of cure mutation]
112759 | Pan      | Lost mutation: You tend to lose your temper in combat. [potion of cure mutation]
112759 | Pan      | Lost mutation: You heal slowly when monsters are visible. [potion of cure mutation]
112759 | Pan      | Lost mutation: Your body is misshapen. [potion of cure mutation]
112946 | Pan      | Noticed Nileix the pandemonium lord
112951 | Pan      | Killed Nileix the pandemonium lord
113001 | Pan      | Found a gateway to a ziggurat.
113417 | Pan      | Got a pair of distressingly furry gloves
113418 | Pan      | Identified the +0 pair of gloves of Hadjma {Contam rF+ rN+ Dex+4 Stlth-} (You found it in Pandemonium)
113532 | Pan      | Found an exit through the horrors of the Abyss.
113625 | Pan      | Found an exit through the horrors of the Abyss.
113691 | Pan      | Noticed Zetzirph the pandemonium lord
113703 | Pan      | Killed Zetzirph the pandemonium lord
113848 | Pan      | Gained mutation: Your flesh is very heat resistant. [potion of beneficial mutation]
114003 | Pan      | Found an exit through the horrors of the Abyss.
114180 | Pan      | Got a brightly glowing shield
114181 | Pan      | Identified the +6 shield "Juucs" {+Inv Int+2} (You found it in Pandemonium)
114320 | Pan      | Noticed Schaur the pandemonium lord
114346 | Pan      | Killed Schaur the pandemonium lord
114516 | Pan      | Noticed Xawemefe the pandemonium lord
114529 | Pan      | Killed Xawemefe the pandemonium lord
114559 | Pan      | Entered the realm of Gloorx Vloq.
114871 | Pan      | Noticed Gloorx Vloq
115117 | Pan      | Killed Gloorx Vloq
115150 | Pan      | Got a dark rune of Zot
115283 | Pan      | Found an exit through the horrors of the Abyss.
115556 | Pan      | Found an exit through the horrors of the Abyss.
115711 | Pan      | Found an exit through the horrors of the Abyss.
116028 | Pan      | Found an exit through the horrors of the Abyss.
116093 | Pan      | Noticed Psecuapu the pandemonium lord
116109 | Pan      | Killed Psecuapu the pandemonium lord
116408 | Pan      | Gained mutation: You are dopey. (Int -2) [a cacodemon]
116798 | Pan      | Found a glowing silver altar of Zin.
116828 | Pan      | Reached skill level 15 in Stealth
117877 | Pan      | Noticed a seraph
117878 | Pan      | Killed a seraph
117944 | Pan      | Got a transparent zirconium amulet
117945 | Pan      | Identified the amulet "Otzeipp" {Spirit rPois rF+ rC+ Str-2} (You took it off an angel in Pandemonium)
117972 | Pan      | Got a glittering turquoise ring
118140 | Pan      | Found a glowing golden altar of the Shining One.
118160 | Pan      | Got a demonic rune of Zot
118202 | Pan      | Got a pitted bronze amulet
118203 | Pan      | Identified the amulet "Friski" {rMut rElec MR+} (You took it off a seraph in Pandemonium)
118206 | Pan      | Identified the ring of Fedhas' Regard {rElec rN+ Str-3 Int+5 Dex-4} (You took it off an angel in Pandemonium)
118517 | Pan      | Entered the realm of Lom Lobon.
118571 | Pan      | Found an exit through the horrors of the Abyss.
118917 | Pan      | Found a gateway to a ziggurat.
119130 | Pan      | Reached skill level 1 in Earth Magic
119152 | Pan      | Paralysed by a lich for 2 turns
119435 | Pan      | Noticed Lom Lobon
119456 | Pan      | Reached skill level 1 in Evocations
119516 | Pan      | Killed Lom Lobon
119516 | Pan      | Reached skill level 5 in Earth Magic
119539 | Pan      | Got a magical rune of Zot
119808 | Pan      | Entered the realm of Cerebov.
119851 | Pan      | Reached skill level 5 in Evocations
119996 | Pan      | Got a slimy lapis lazuli ring
120000 | Pan      | Identified the ring "Darim" {rC+ Dex+4 Slay+2 Stlth-} (You found it in Pandemonium)
120003 | Pan      | Got a wavering ivory ring
120004 | Pan      | Identified the ring of Ohihyfra {SustAb rPois rC+ MP-9 Str+4 Slay+2} (You found it in Pandemonium)
120005 | Pan      | Noticed Cerebov
120039 | Pan      | Killed Cerebov
120171 | Pan      | Got a crude long sword
120172 | Pan      | Identified the +7 long sword of Sauxiped {slice, rF+ rN+ Int-4 Dex+3 Stlth+} (You found it in Pandemonium)
120320 | Pan      | Got a fiery rune of Zot
120394 | Pan      | Got a bone lajatang
120395 | Pan      | Identified the +5 lajatang of the Hierophant {flame, Str+2} (You found it in Pandemonium)
120634 | Pan      | Found an exit through the horrors of the Abyss.
120685 | Pan      | Found an exit through the horrors of the Abyss.
120705 | Pan      | Got a smoking large shield
120706 | Pan      | Identified the +0 large shield of Cegriluq {Regen+} (You found it in Pandemonium)
120892 | Pan      | Gained mutation: You have large cloven feet. [a neqoxec]
121074 | Pan      | Found an exit through the horrors of the Abyss.
121157 | Pan      | Entered the realm of Mnoleg.
121161 | Pan      | Found an exit through the horrors of the Abyss.
121299 | Pan      | Reached skill level 10 in Earth Magic
121381 | Pan      | Noticed Mnoleg
121422 | Pan      | Reached skill level 10 in Evocations
121494 | Pan      | Gained mutation: Scrolls take you a little longer to read. [a cacodemon]
121625 | Pan      | Killed Mnoleg
121641 | Pan      | Got a glowing rune of Zot
121853 | Pan      | Took an exit into the Abyss.
121853 | Abyss:1  | Escaped into the Abyss
122090 | Depths:3 | Escaped the Abyss
122101 | Depths:3 | Learned a level 5 spell: Dispel Undead
122372 | D:9      | Bought an uncursed ring of sustain abilities for 227 gold pieces
122882 | Tomb:1   | Entered Level 1 of the Tomb of the Ancients
123000 | Tomb:1   | Noticed an ancient lich
123004 | Tomb:1   | Killed an ancient lich
125524 | Tomb:1   | Reached skill level 27 in Fire Magic
127004 | Tomb:3   | Entered Level 3 of the Tomb of the Ancients
127015 | Tomb:3   | Noticed an ancient lich
127016 | Tomb:3   | Killed an ancient lich
128433 | Tomb:3   | Identified the Catalogue of Talismans
128509 | Tomb:3   | Got a twitching ivory ring
128512 | Tomb:3   | Identified the ring of Nobrikhlo {-Tele rF+ rC+ MP-9 Int+3 Dex+2} (You found it on level 3 of the Tomb of the Ancients)
128830 | Tomb:3   | Got a golden rune of Zot
128924 | Tomb:3   | Got a wavering platinum ring
128927 | Tomb:3   | Identified the ring "Ufen Ehe" {rN+ Dex+2} (You found it on level 3 of the Tomb of the Ancients)
128943 | Tomb:3   | Got a faintly glowing zirconium amulet
128946 | Tomb:3   | Identified the amulet "Plip" {Regen+ Str+4} (You found it on level 3 of the Tomb of the Ancients)
129002 | Tomb:3   | Got a faintly glowing platinum ring
129005 | Tomb:3   | Identified the ring "Usorurom" {+Fly MP+9} (You found it on level 3 of the Tomb of the Ancients)
130582 | Zot:5    | Entered Level 5 of the Realm of Zot
130779 | Zot:5    | Noticed an orb of fire
130795 | Zot:5    | Killed an orb of fire
130945 | Zot:5    | Noticed an orb of fire
130960 | Zot:5    | Killed an orb of fire
131003 | Zot:5    | Noticed an orb of fire
131018 | Zot:5    | Killed an orb of fire
131041 | Zot:5    | Noticed an ancient lich
131048 | Zot:5    | Killed an ancient lich
131116 | Zot:5    | Noticed an ancient lich
131118 | Zot:5    | Noticed an orb of fire
131124 | Zot:5    | Killed an ancient lich
131138 | Zot:5    | Noticed an orb of fire
131147 | Zot:5    | Killed an orb of fire
131153 | Zot:5    | Killed an orb of fire
131186 | Zot:5    | Noticed an orb of fire
131189 | Zot:5    | Noticed an orb of fire
131213 | Zot:5    | Killed an orb of fire
131213 | Zot:5    | Reached skill level 27 in Fighting
131219 | Zot:5    | Killed an orb of fire
131275 | Zot:5    | Got the Orb of Zot
131351 | Zot:5    | Gained mutation: You tend to lose your temper in combat. [mutagenic glow]
131470 | Depths:5 | Noticed Vesuaps the pandemonium lord
131555 | Depths:1 | Noticed Feen the pandemonium lord
131693 | D:10     | Noticed Qeughal the pandemonium lord
131755 | D:8      | Gained mutation: Your body is misshapen. [mutagenic glow]
131966 | D:$      | Escaped with the Orb!

Action                   |  1- 3 |  4- 6 |  7- 9 | 10-12 | 13-15 | 16-18 | 19-21 | 22-24 | 25-27 || total
-------------------------+-------+-------+-------+-------+-------+-------+-------+-------+-------++-------
Melee: Dagger            |    39 |    62 |    93 |       |       |       |       |       |       ||   194
       Unarmed           |     3 |       |       |       |    13 |       |       |       |       ||    16
       Spear             |       |     9 |       |       |       |       |       |       |       ||     9
       Short sword       |       |       |    20 |       |       |       |       |       |       ||    20
       Quarterstaff      |       |       |    30 |   338 |   793 |       |       |       |       ||  1161
       Staff             |       |       |       |       |     3 |     5 |    12 |     2 |    32 ||    54
       Lajatang          |       |       |       |       |   218 |   783 |   900 |   832 |     3 ||  2736
       Eudemon blade     |       |       |       |       |       |       |       |       |  6816 ||  6816
 Fire: Blowgun           |       |       |    10 |     5 |    19 |       |       |       |       ||    34
Throw: Tomahawk          |       |       |     1 |       |       |       |       |       |       ||     1
 Cast: Flame Tongue      |    47 |   145 |   227 |   308 |   130 |     1 |       |       |       ||   858
       Conjure Flame     |       |     2 |     6 |    27 |    30 |     4 |       |       |       ||    69
       Sticky Flame      |       |     1 |    31 |   107 |   185 |     9 |     3 |       |       ||   336
       Fireball          |       |       |     1 |    40 |    55 |    14 |     8 |    18 |    23 ||   159
       Throw Flame       |       |       |       |    14 |    10 |    14 |       |       |       ||    38
       Iskenderun's Myst |       |       |       |    12 |    27 |    14 |     5 |    22 |       ||    80
       Bolt of Fire      |       |       |       |       |    83 |    88 |   333 |   350 |   720 ||  1574
       Poisonous Cloud   |       |       |       |       |     6 |    85 |   114 |    62 |       ||   267
       Delayed Fireball  |       |       |       |       |     2 |       |       |     1 |       ||     3
       Ignite Poison     |       |       |       |       |       |     7 |       |       |       ||     7
       Regeneration      |       |       |       |       |       |       |       |     6 |   265 ||   271
       Deflect Missiles  |       |       |       |       |       |       |       |     4 |    12 ||    16
       Haste             |       |       |       |       |       |       |       |     8 |    85 ||    93
       Iron Shot         |       |       |       |       |       |       |       |     8 |   156 ||   164
       Ozocubu's Armour  |       |       |       |       |       |       |       |     3 |   142 ||   145
       Flight            |       |       |       |       |       |       |       |       |     2 ||     2
       Blink             |       |       |       |       |       |       |       |       |    13 ||    13
       Bolt of Cold      |       |       |       |       |       |       |       |       |   182 ||   182
       Fire Storm        |       |       |       |       |       |       |       |       |   158 ||   158
       Dispel Undead     |       |       |       |       |       |       |       |       |   105 ||   105
       Apportation       |       |       |       |       |       |       |       |       |     6 ||     6
       Ring of Flames    |       |       |       |       |       |       |       |       |     2 ||     2
       Swiftness         |       |       |       |       |       |       |       |       |     1 ||     1
 Abil: Breathe Fire      |       |       |     4 |    10 |     7 |       |       |       |       ||    21
       Release Delayed F |       |       |       |       |     1 |       |       |       |       ||     1
Evoke: Wand              |       |       |       |    10 |       |       |     3 |     2 |    30 ||    45
       Staff of energy   |       |       |       |       |       |       |     5 |       |       ||     5
  Use: Scroll            |       |     3 |     9 |    17 |    13 |    23 |    20 |    21 |    75 ||   181
       Potion            |       |       |       |     3 |     4 |     9 |     9 |    13 |    62 ||   100
 Stab: Sleeping          |     1 |     1 |     2 |       |     4 |     2 |     6 |     7 |    56 ||    79
       Paralysed         |       |       |       |     2 |       |       |       |       |       ||     2
       Distracted        |       |       |       |     1 |     1 |     2 |     3 |     6 |    31 ||    44
  Eat: Chunk             |     4 |     8 |    23 |    41 |    85 |    60 |    46 |    48 |    45 ||   360
       Beef jerky        |       |       |     1 |       |       |       |       |     2 |     8 ||    11
       Pizza             |       |       |       |     9 |     4 |     2 |     1 |     2 |     1 ||    19
       Fruit             |       |       |       |     7 |    14 |    12 |    16 |     7 |     2 ||    58
       Royal jelly       |       |       |       |       |       |     3 |       |       |     1 ||     4
       Meat ration       |       |       |       |       |       |       |       |     2 |    12 ||    14
       Bread ration      |       |       |       |       |       |       |       |       |    31 ||    31
